 Dungeon Crawl Stone Soup version 0.31-a0-875-g02e7d12df6 (webtiles) character file.

Game seed: 13007541681947213449

5 Azuregosa the Sneak (level 1, -4/16 HPs)
             Began as an Octopode Delver on Oct 12, 2023.
             Slain by an ogre
             ... wielding a +0 giant club
              (20 damage)
             ... on level 5 of the Dungeon.
             The game lasted 00:02:15 (203 turns).

Azuregosa the Sneak (Octopode Delver)                Turns: 203, Time: 00:02:16

Health: -4/16      AC:  1    Str: 11    XL:     1   Next: 80%
Magic:  1/1        EV: 13    Int: 12    God:
Gold:   42         SH:  0    Dex: 13    Spells: 0/0 levels left

rFire   . . .        a - +0 spear
rCold   . . .        (no shield)
rNeg    . . .        (helmet restricted)
rPois   .            g - amulet of regeneration
rElec   .            (no ring)
rCorr   .            (no ring)
SInv    .            (no ring)
Will    .....        (no ring)
Stlth   ++++         (no ring)
HPRegen 1.02/turn    (no ring)
MPRegen 0.07/turn    (no ring)
                     (no ring)

%: no passive effects
@: no status effects
A: almost no armour, amphibious, 8 rings, camouflage 1, gelatinous body 1,
(nimble swimmer 1), tentacles
a: no special abilities


You were on level 5 of the Dungeon.
You visited 1 branch of the dungeon, and saw 2 of its levels.

You collected 42 gold pieces.

Inventory:

Hand Weapons
 a - a +0 spear (weapon)
Jewellery
 g - an amulet of regeneration (around mantle)
Wands
 f - a wand of digging (3)
Scrolls
 b - a scroll of fog
 c - a scroll of revelation
 d - a scroll of fear
Potions
 e - a potion of haste


   Skills:
 - Level 3.0 Fighting
 - Level 2.0 Polearms
 - Level 2.0 Dodging
 + Level 7.0 Stealth


You couldn't memorise any spells.
You didn't know any spells.
Your spell library contained the following spells:

 Spells                   Type           Power      Damage    Failure   Level
 Lesser Beckoning         Tloc           0%         N/A       45%         2
 Gell's Gravitas          Tloc           0%         N/A       69%         3
 Teleport Other           Tloc           0%         N/A       69%         3


Dungeon Overview and Level Annotations

Branches:
Dungeon (5/15)
 Temple: D:4-7

Altars:

Shops:
D:5 ?


Innate Abilities, Weirdness & Mutations

You cannot wear most types of armour.
You are amphibious.
You can wear up to eight rings at the same time.
Your skin changes colour to match your surroundings (Stealth+).
Your rubbery body absorbs attacks. (AC +1, EV +1)
((You are camouflaged when in or above water. (Stealth+)))
You have tentacles for arms and can constrict up to eight enemies at once.


Message History

You add the spells Lesser Beckoning, Gell's Gravitas and Teleport Other to your library.
You now have 15 gold pieces.
You now have enough gold to buy a scroll of identify on this level.
You can access your shopping list by pressing '$'.
You now have 30 gold pieces (gained 15).
An orc comes into view. It is wielding a +0 mace.
An orc comes into view. It is wielding a +0 falchion.
An orc comes into view. It is wielding a +0 club.
The helpless orc fails to defend itself.
You hit the orc. You grab the orc.
The orc is heavily wounded.
You constrict the orc. The orc completely misses you.
You hit the orc.
You kill the orc!
The orc shouts! x2; You hear an angry growl.
A black bear comes into view.
You barely miss the orc. You grab the orc. You constrict the orc.
The orc misses you.
You hit the orc.
The orc is severely wounded.
You constrict the orc. The orc hits you with a +0 club.
You hit the orc.
You kill the orc!
Your Stealth skill increases to level 7!
A jelly comes into view.
As you open the door, it creaks loudly!
An ogre comes into view. It is wielding a +0 giant club.
The ogre shouts!
You hear a shout! x3
You close the door.
An ogre breaks down the door.
An orc comes into view. It is wielding a +0 flail.
You now have 42 gold pieces (gained 12).
You open the door.
There is an open door here.
You open the door.
There is an open door here.
The ogre attacks as it pursues you!
The ogre hits you with a +0 giant club!!
Ouch! That really hurt!
You die...

######.........#...#
...............#.#.# #######
##...o.....#...# .......
..#.###+#'###...#
.......##.#.#. #.# #.O.#
..........#.#.###o# #.#.#
..........#.#..##.###.#.#
..........#o##........#.#
.......>..#..O@.......#O#######
..........####........#.o..Oo..
#####..∩.....'........#########
#.....####.....<....#......
#........#........#.#......
#.#.#..#+#........#.#......
+........?......)..#.#......
###........#########.#......
+..........# #.......#


You could see an ogre and an orc.

Vanquished Creatures
  2 orcs (D:5)
  A ball python (D:4)
3 creatures vanquished.

Notes
Turn   | Place    | Note
-------+----------+-------------------------------------------
     0 | D:5      | Azuregosa the Octopode Delver began the quest for the Orb.
     0 | D:5      | Reached XP level 1. HP: 16/16 MP: 1/1
    98 | D:5      | Noticed a black bear
   103 | D:5      | Reached skill level 7 in Stealth
   107 | D:5      | Noticed a jelly
   150 | D:5      | Noticed an ogre
   203 | D:5      | Slain by an ogre

Illustrated notes

Levels and vault maps discovered:
D:4:      layout_basic, nzn_wu_jian_council_hall,
          minmay_temple_entry_nine_rooms, serial_shops, nicolae_shop_tiny_glass,
          serial_corexii_hall, corexii_hall_statues_l,
          chequers_hall_statues_wall_a
D:5:      layout_basic, serial_shops, shop, gammafunk_ghost_necromancy,
          kennysheep_decorative_pillar

Skill      XL: |  1 |
---------------+----+-----
Stealth        | 7 |  7.0
Fighting       | |  3.0
Polearms       | |  2.0
Dodging        | |  2.0

Action                     || total
---------------------------++-------
  Melee: Spear             ||     6
         Constrict         ||     2
   Stab: Sleeping          ||     1
 Armour: Skin              ||     2
  Dodge: Dodged            ||    10

Table legend: (Time is in decaauts)
 A = Elapsed time spent in this place.
 B = Non-inter-level travel time spent in this place.
 C = Inter-level travel time spent in this place.
 D = Time resting spent in this place.
 E = Time spent auto-exploring this place.
 F = Levels seen in this place.
 G = Mean time per level.
                   A        B        C        D        E       F      G
               +--------+--------+--------+--------+--------+-----+--------+
         Total |    203 |    203 |      0 |      0 |      0 |   2 |  101.5 |
       Dungeon |    203 |    203 |      0 |      0 |      0 |   2 |  101.5 |
               +--------+--------+--------+--------+--------+-----+--------+

Top non-repeatable levels by time:
     D:5: 182 daAuts
     D:4: 20 daAuts
